 Dungeon Sprint DCSS version 0.31.0-12-g77e489cdc1 (webtiles) character file.

Game seed: 805205967413539811

1 Groucho the Digger (level 1, 0/10 HPs)
             Began as a Deep Elf Earth Elementalist on Mar 4, 2024.
             Was an Initiate of Sif Muna.
             Slain by a quokka (3 damage)
             ... in the Dungeon (Sprint VII: "The Pits").
             The game lasted 00:00:35 (254 turns).

Groucho the Digger (Deep Elf Earth Elementalist)     Turns: 254, Time: 00:00:36

Health: 0/10       AC:  2    Str:  5    XL:     1   Next: 16%
Magic:  4/6        EV: 12    Int: 19    God:    Sif Muna [......]
Gold:   0          SH:  0    Dex: 15    Spells: 5/6 levels left

rFire   . . .        h - +2 dagger
rCold   . . .        (no shield)
rNeg    . . .        a - +0 robe
rPois   .            (no helmet)
rElec   .            (no cloak)
rCorr   .            (no gloves)
SInv    .            (no boots)
Will    .....        (no amulet)
Stlth   ++           (no ring)
HPRegen 0.21/turn    (no ring)
MPRegen 0.10/turn

%: no teleportation
@: no status effects
A: no striking features
a: Renounce Religion


You were in the Dungeon.
You worshipped Sif Muna.
Sif Muna was noncommittal.
You visited 1 branch

Inventory:

Hand Weapons
 h - a +2 dagger (weapon)
Missiles
 j - 10 stones
Armour
 a - a +0 robe (worn)
Scrolls
 g - a scroll of blinking
 k - 2 scrolls of vulnerability
 l - 5 scrolls of amnesia
 m - a scroll of summoning
Potions
 b - 5 potions of magic
 c - a potion of curing
 d - a potion of heal wounds
 e - a potion of haste
 f - 3 potions of berserk rage
 i - 2 potions of invisibility


   Skills:
 - Level 2.4 Dodging
 - Level 2.4 Stealth
 + Level 3.3 Spellcasting
 + Level 1.5 Conjurations
 * Level 3.7 Earth Magic


You had 5 spell levels left.
You knew the following spells:

 Your Spells              Type           Power      Damage    Failure   Level
a - Sandblast             Erth           34%        2d9       3%          1

Your spell library contained the following spells:

 Spells                   Type           Power      Damage    Failure   Level
 Passwall                 Erth           17%        N/A       10%         3
 Stone Arrow              Conj/Erth      26%        3d8       16%         3
 Brom's Barrelling Bould  Conj/Erth      13%        2d4       45%         4
 Petrify                  Alch/Erth      10%        N/A       56%         4


Dungeon Overview and Level Annotations

Branches:
Dungeon (1/1)

Altars:
Ashenzari
Cheibriados
Dithmenos
Elyvilon
Fedhas
Gozag
Hepliaklqana
Kikubaaqudgha
Makhleb
Nemelex Xobeh
Okawaru
Qazlal
Ru
Sif Muna
Trog
Uskayaw
Vehumet
Wu Jian
Xom
Yredelemnul
Zin
The Shining One
Jiyva
Lugonu


Message History

i - 2 potions of invisibility You see here 10 stones.
j - 10 stones
k - 2 scrolls of vulnerability;
l - 5 scrolls of amnesia
m - a scroll of summoning
There is an open door here.
Things that are here:
a +2 quarterstaff; a +2 trident
Things that are here:
a +2 mace; a +2 hand axe You see here a +2 falchion.
There is an open door here.
You open the door.
Found nineteen altars.
There is an open door to the Temple (Safe) here.
Found three altars.
Found three altars.
There is a shimmering blue altar of Sif Muna here.
You kneel at the altar of Sif Muna.
Sif Muna welcomes you!
There is a sacrificial altar of Ru here.
There is an open door to the Temple (Safe) here.
You open the door.
A quokka comes into view.
Aiming: Sandblast (safe; 3% risk of failure)
Press: ? - help, Q - select action, (/) - cycle Shift-Dir - straight line, f - quokka
Aim: a quokka (75% to hit)
The blast of sand hits the quokka but does no damage.
The quokka bites you but does no damage.
The quokka bites you.
Unknown command.
Unknown command.
Aiming: Sandblast (safe; 3% risk of failure)
Press: ? - help, Q - select action, (/) - cycle Shift-Dir - straight line, f/p - quokka
Aim: a quokka (75% to hit)
The blast of sand misses the quokka.
The quokka bites you.
* * * LOW HITPOINT WARNING * * *
The quokka bites you.
You die...

############
#_________.#
#_________.#
#_______...###########++
##########'##...........
#....')))'.##......#..#
##########.##..........
.......@...'...........
+#####r#####......#..#.
#.. #........... ###
####'#####+ #.......#
#.......# #.......#
#...<...# #.......#


You could see a quokka.

Vanquished Creatures
  An endoplasm (D)
1 creature vanquished.

Notes
Turn   | Place    | Note
-------+----------+-------------------------------------------
     0 | D        | Groucho the Deep Elf Earth Elementalist began the quest for
                  | the Orb.
     0 | D        | Reached XP level 1. HP: 10/10 MP: 6/6
   240 | D        | Found a glowing golden altar of the Shining One.
   240 | D        | Found a glowing silver altar of Zin.
   240 | D        | Found a basalt altar of Yredelemnul.
   240 | D        | Found a shimmering altar of Xom.
   240 | D        | Found an ornate altar of the Wu Jian Council.
   240 | D        | Found a bloodstained altar of Trog.
   240 | D        | Found a shimmering blue altar of Sif Muna.
   240 | D        | Found a sacrificial altar of Ru.
   240 | D        | Found a stormy altar of Qazlal.
   240 | D        | Found an iron altar of Okawaru.
   240 | D        | Found a sparkling altar of Nemelex Xobeh.
   240 | D        | Found a burning altar of Makhleb.
   240 | D        | Found a viscous altar of Jiyva.
   240 | D        | Found a hazy altar of Hepliaklqana.
   240 | D        | Found an opulent altar of Gozag.
   240 | D        | Found a blossoming altar of Fedhas.
   240 | D        | Found a white marble altar of Elyvilon.
   240 | D        | Found a shadowy altar of Dithmenos.
   240 | D        | Found a snail-covered altar of Cheibriados.
   241 | D        | Found a radiant altar of Vehumet.
   241 | D        | Found a corrupted altar of Lugonu.
   242 | D        | Found an ancient bone altar of Kikubaaqudgha.
   242 | D        | Found a hide-covered altar of Uskayaw.
   242 | D        | Found a broken altar of Ashenzari.
   243 | D        | Became a worshipper of Sif Muna the Loreminder
   254 | D        | Slain by a quokka

Illustrated notes

Levels and vault maps discovered:
D:        pitsprint [storerooms_1, entrance_room_1, metal_vault_3, armoury_2,
          mini_pit_1, grid_room_1, main_hall_1, silver_pit, the_coven_2,
          the_vestibule_1, steel_vault_3, golden_pit, hallway_of_sentries,
          crystal_vault_4, iron_vault_4, final_vault]

Action                     || total
---------------------------++-------
   Cast: Sandblast         ||     3
 Armour: Robe              ||     4
